 Dungeon Crawl Stone Soup version 0.30-a0-591-g3c58d2bc28 (webtiles) character file.

Game seed: 17525718845696111120

355 bande the Chopper (level 6, 0/39 HPs)
             Began as a Gargoyle Fighter on Jan 6, 2023.
             Slain by an ogre
             ... wielding a +0 giant spiked club
              (23 damage)
             ... on level 4 of the Dungeon.
             The game lasted 00:04:50 (2018 turns).

bande the Chopper (Gargoyle Fighter)                Turns: 2018, Time: 00:04:51

Health: 0/39       AC: 13    Str: 19    XL:     6   Next: 63%
Magic:  6/6        EV:  9    Int:  9    God:
Gold:   195        SH:  4    Dex: 11    Spells: 5/5 levels left

rFire   . . .      SeeInvis .    a - +0 war axe
rCold   . . .      Faith    .    c - +0 buckler
rNeg    + . .      Spirit   .    o - +2 scale mail {Will+}
rPois   ∞          Reflect  .    (no helmet)
rElec   +          Harm     .    (no cloak)
rCorr   .          Rampage  .    (no gloves)
Will    +....                    (no boots) Stlth
                                 f - amulet of regeneration
HPRegen 1.06/turn                (no ring)
MPRegen 0.10/turn                (no ring)

@: no status effects
A: sickness immunity, AC +4, negative energy resistance 1, electricity
resistance, torment resistance 1, petrification resistance
a: no special abilities


You were on level 4 of the Dungeon.
You visited 1 branch of the dungeon, and saw 4 of its levels.

You collected 195 gold pieces.

Inventory:

Hand Weapons
 a - a +0 war axe (weapon)
 q - a +0 flail
Armour
 c - a +0 buckler (worn)
 o - a +2 scale mail of willpower (worn)
Jewellery
 f - an amulet of regeneration (around neck)
 n - an amulet of guardian spirit
Scrolls
 e - a scroll of noise {unknown}
 g - 4 scrolls of identify {unknown}
 h - 3 scrolls of amnesia {unknown}
 i - a scroll of teleportation {unknown}
 j - 2 scrolls of silence {unknown}
 l - a scroll of poison {unknown}
Potions
 b - a potion of attraction {unknown}
 d - a potion of might
 k - 3 potions of curing {unknown}
 m - 4 potions of heal wounds {unknown}
 p - a potion of mutation {unknown}


   Skills:
 + Level 4.4 Fighting
 + Level 4.5 Axes
 + Level 4.4 Armour
 - Level 0.2 Dodging
 + Level 4.1 Shields


You had 5 spell levels left.
You didn't know any spells.
Your spell library contained the following spells:

 Spells                   Type           Power      Damage    Failure   Level
 Beastly Appendage        Tmut           0%         N/A       83%         1
 Ensorcelled Hibernation  Hex/Ice        0%         N/A       93%         2
 Wereblood                Tmut           0%         N/A       93%         2
 Kindle Blastsparks       Fire/Tloc/Air  0%         2d10      99%         3
 Spider Form              Tmut/Pois      0%         N/A       99%         3
 Anguish                  Hex/Necr       0%         N/A       100%        4
 Fulminant Prism          Conj/Hex       0%         3d5       100%        4
 Iskenderun's Mystic Bla  Conj/Tloc      0%         2d3       100%        4
 Lee's Rapid Deconstruct  Erth           0%         3d4*      100%        5


Dungeon Overview and Level Annotations

Branches:
Dungeon (4/15)
 Temple: D:4-7

Altars:
Gozag

Shops:
D:3 =   D:4 *


Innate Abilities, Weirdness & Mutations

You are immune to sickness and miasma.
Your stone body is resilient. (AC +4)
You are immune to poison.
You resist negative energy. (rN+)
You are resistant to electric shocks. (rElec)
You are resistant to unholy torment.
You are immune to petrification.


Message History

You destroy the necrophage!
No target in view!
Found a scale mail.
No target in view!
A phantom comes into view.
A phantom is nearby!
An ogre comes into view. It is wielding a +0 giant spiked club.
The ogre shouts!
The phantom hits you.
The phantom blinks!
You blink.
You see here a +0 scale mail.
You hit the phantom.
The phantom is lightly damaged.
The phantom hits you but does no damage.
You slash the phantom!
The phantom is heavily damaged.
The phantom closely misses you. The phantom hits you.
The phantom blinks!
You blink.
You hit the phantom.
The phantom is heavily damaged.
The phantom hits you but does no damage.
You hit the phantom.
The phantom is severely damaged.
You closely miss the ogre. The ogre hits you but does no damage.
You block the phantom's attack.
The phantom hits you but does no damage.
You hit the phantom but do no damage.
The phantom is severely damaged.
You barely miss the ogre. The ogre barely misses you.
The phantom closely misses you.
You miss the phantom.
The phantom is severely damaged.
You closely miss the ogre.
The ogre hits you with a +0 giant spiked club!
The phantom hits you.
You slash the phantom!
You destroy the phantom!
You hit the ogre.
The ogre hits you with a +0 giant spiked club!!
Ouch! That really hurt!
You die...

#.######.........
#####.###...#
#...........#
#.##.....#..#
#...#....#..#
#....#..#...#
#....###....#
#...###....##
#..#..#..O@#
#.#....#...#
#.#.§[..##.#
...............
##...####.....##
#### ######


You could see an ogre.

Vanquished Creatures
  A phantom (D:4)
  A necrophage (D:4)
  A scorpion (D:3)
  A jelly (D:4)
  An iguana (D:3)
  5 adders (D:3)
  4 gnolls
  2 dart slugs
  6 orcs
  7 ball pythons
  7 endoplasms
  4 giant cockroaches
  7 goblins
  5 hobgoblins
  5 kobolds
  5 quokkas
  4 bats
  5 frilled lizards
  8 rats
79 creatures vanquished.

Notes
Turn   | Place    | Note
-------+----------+-------------------------------------------
     0 | D:1      | bande the Gargoyle Fighter began the quest for the Orb.
     0 | D:1      | Reached XP level 1. HP: 14/14 MP: 1/1
    27 | D:1      | Reached XP level 2. HP: 19/19 MP: 2/2
   245 | D:1      | Reached XP level 3. HP: 24/24 MP: 3/3
  1253 | D:3      | Reached XP level 4. HP: 29/29 MP: 4/4
  1295 | D:3      | Found Jefug's Jewellery Shoppe.
  1427 | D:3      | Reached XP level 5. HP: 22/33 MP: 5/5
  1740 | D:3      | Reached XP level 6. HP: 28/38 MP: 6/6
  1928 | D:4      | Found an opulent altar of Gozag.
  1932 | D:4      | Found Gozag's Platinum Reserve.
  2018 | D:4      | Slain by an ogre

Illustrated notes

Levels and vault maps discovered:
D:1:      minmay_arrival_five_plusses, layout_loops_ring
D:2:      layout_loops_ring
D:3:      layout_rooms, serial_shops, shop, nicolae_underground_beach
D:4:      corexii_shack_village, layout_loops_ring,
          nicolae_overflow_crystal_walls, nicolae_gozag_zags_fifth_avenue,
          minmay_misc_feat_chi

Skill      XL: |  1  2  3  4  5 |
---------------+----------------+-----
Axes           | 2 3 4 |  4.5
Fighting       | 4 |  4.4
Armour         | 4 |  4.4
Shields        | 4 |  4.1
Dodging        | |  0.2

Action                   |  1- 3 |  4- 6 || total
-------------------------+-------+-------++-------
Melee: War axe           |   104 |   129 ||   233
Armor: Scale mail        |    70 |    78 ||   148
Dodge: Dodged            |    51 |    59 ||   110
Block: Buckler           |    35 |    18 ||    53

Table legend: (Time is in decaauts)
 A = Elapsed time spent in this place.
 B = Non-inter-level travel time spent in this place.
 C = Inter-level travel time spent in this place.
 D = Time resting spent in this place.
 E = Time spent auto-exploring this place.
 F = Levels seen in this place.
 G = Mean time per level.
                   A        B        C        D        E       F      G
               +--------+--------+--------+--------+--------+-----+--------+
         Total |   2111 |   2055 |     56 |    119 |   1267 |   4 |  527.8 |
       Dungeon |   2111 |   2055 |     56 |    119 |   1267 |   4 |  527.8 |
               +--------+--------+--------+--------+--------+-----+--------+

Top non-repeatable levels by time:
     D:2: 723 daAuts
     D:3: 644 daAuts
     D:1: 563 daAuts
     D:4: 180 daAuts
